 Dungeon Crawl Stone Soup version 0.29.0-13-gc9e81de378 (webtiles) character file.

Game seed: 15178635717162823166

5282 Malachi the Carver (level 10, -1/67 HPs)
             Began as a Demonspawn Gladiator on Sept 8, 2022.
             Was a High Priest of Okawaru.
             Slain by Erica
             ... wielding a +4 scimitar of flaming
              (2 damage)
             ... on level 8 of the Dungeon.
             The game lasted 00:17:54 (10763 turns).

Malachi the Carver (Demonspawn Gladiator)          Turns: 10763, Time: 00:17:54

Health: -1/67      AC:  9    Str: 16    XL:     10   Next: 37%
Magic:  14/16      EV: 16    Int:  9    God:    Okawaru [*****.]
Gold:   835        SH:  0    Dex: 18    Spells: 9/9 levels left

rFire   + . .      SeeInvis .   W - +6 scimitar (venom)
rCold   + . .      Faith    +   (no shield)
rNeg    . . .      Spirit   .   Q - +2 robe {rC+ rF+}
rPois   +          Reflect  .   c - +0 helmet
rElec   .          Harm     .   (no cloak)
rCorr   .          Rampage  .   (no gloves)
Will    .....                   x - +0 pair of boots
Stlth   +++.......              w - amulet of faith
HPRegen 0.21/turn               g - ring of poison resistance
MPRegen 0.15/turn               (no ring)

@: heroic, slowed, very slow
A: thin metallic scales 2, foul stench 2, demonic touch 2
a: Renounce Religion, Heroism, Finesse, Duel


You were on level 8 of the Dungeon.
You worshipped Okawaru.
Okawaru was extremely pleased with you.
You visited 1 branch of the dungeon, and saw 9 of its levels.
You also visited: Sewer, Ossuary and Bailey.

You collected 835 gold pieces.

Inventory:

Hand Weapons
 n - a +2 dagger of venom
 p - a +3 dagger of electrocution
 I - a +1 great sword of electrocution
 R - the +9 sling of Shame {freeze, rElec rCorr Dex+4}
   (You found it on level 7 of the Dungeon)

   Any ammunition fired from it freezes those it strikes, dealing additional
   cold damage.
   It can also slow down cold-blooded creatures.
   Dex:       It affects your dexterity (+4).
   rElec:     It insulates you from electricity.
   rCorr:     It protects you from acid and corrosion.
 S - a +0 arbalest of freezing
 W - a +6 scimitar of venom (weapon)
Missiles
 b - 12 poisoned darts
 d - 3 throwing nets
 e - 3 javelins
 k - 2 curare-tipped darts
 m - 22 boomerangs (quivered)
Armour
 c - a +0 helmet (worn)
 q - an orb of wrath
 r - a +1 scale mail
 x - a +0 pair of boots (worn)
 Q - a +2 robe of resistance (worn)
Jewellery
 g - a ring of poison resistance (left hand)
 w - an amulet of faith (around neck)
 G - an amulet of magic regeneration
 J - an amulet of reflection
 O - a +6 ring of intelligence
 T - a ring of flight
Wands
 P - a wand of iceblast (6)
Scrolls
 h - 5 scrolls of amnesia
 j - 4 scrolls of teleportation
 u - 3 scrolls of fear
 y - a scroll of immolation
 B - 2 scrolls of fog
 C - a scroll of vulnerability
 D - 2 scrolls of enchant armour
 H - 2 scrolls of blinking
 L - a scroll of magic mapping {unknown}
Potions
 a - a potion of lignification {unknown}
 f - 2 potions of attraction
 i - 4 potions of mutation {unknown}
 l - 3 potions of heal wounds {unknown}
 o - 3 potions of brilliance {unknown}
 s - 2 potions of berserk rage {unknown}
 z - a potion of ambrosia {unknown}
 A - 2 potions of haste {unknown}
 E - a potion of curing
 F - a potion of degeneration {unknown}
 K - a potion of might {unknown}
 M - 5 potions of flight


   Skills:
 - Level 2.0(7.0) Fighting
 + Level 12.8(17.8) Long Blades
 - Level 1.7(6.7) Throwing
 - Level 2.6(7.6) Dodging
 + Level 9.2 Invocations


You had 9 spell levels left.
You didn't know any spells.
Your spell library contained the following spells:

 Spells                   Type           Power      Damage    Failure   Level
 Foxfire                  Conj/Fire      0%         2x1d4     38%         1
 Magic Dart               Conj           0%         1d3       38%         1
 Scorch                   Fire           0%         2d5       52%         2
 Sublimation of Blood     Necr           0%         N/A       52%         2
 Wereblood                Tmut           0%         N/A       52%         2
 Conjure Flame            Conj/Fire      0%         6-21      77%         3
 Inner Flame              Hex/Fire       0%         N/A       77%         3
 Mephitic Cloud           Conj/Pois/Air  0%         N/A       77%         3
 Flame Wave               Conj/Fire      0%         2d4       99%         4
 Olgreb's Toxic Radiance  Pois           0%         N/A       99%         4
 Ozocubu's Refrigeration  Ice            0%         4d7       100%        7
 Ignition                 Fire           0%         3d3       100%        8
 Call Imp                 Summ           Unusable   N/A       N/A         2
 Summon Cactus Giant      Summ           Unusable   N/A       N/A         6
 Summon Hydra             Summ           Unusable   N/A       N/A         7

Dungeon Overview and Level Annotations

Branches:
Dungeon (9/15)             Temple (0/1) D:5           Sewer (visited)
Ossuary (visited)          Bailey (visited)
   Lair: D:8-11         Orc: D:9-12

Altars:
Ashenzari
Cheibriados
Dithmenos
Kikubaaqudgha
Makhleb
Nemelex Xobeh
Okawaru
Qazlal
Sif Muna
Trog
Uskayaw
Vehumet
Wu Jian
Yredelemnul

Shops:
D:8 :

Annotations:
D:8 Erica


Innate Abilities, Weirdness & Mutations

You are mostly covered in thin metallic scales. (AC +3)
You sometimes emit foul miasma when damaged in melee.
Your touch may inflict irresistible damage on your foes.


Message History

Erica is nearby!
Aiming: Polymorph
Press: ? - help, Shift-Dir - straight line, f/p - Erica
Aim: Erica, wielding a +4 scimitar of flaming and wearing a +2 robe of willpower (moderately wounded, poisoned, will become a redback, a dream sheep, or a fire crab, chance to affect: 1%) Erica resists with almost no effort.
The now-empty wand crumbles to dust.
Unknown command.
You closely miss Erica. Your touch misses Erica.
Erica is moderately wounded.
You barely miss Erica.
You touch Erica!
Erica is heavily wounded.
Erica points at you and mumbles some strange words.
You feel yourself slow down.
You closely miss Erica.
Erica is heavily wounded.
Erica looks more healthy.
Erica gestures at you while chanting. The bolt of poison hits you!
You are poisoned.
You resist.
* * * LOW HITPOINT WARNING * * *
You feel better.
Erica hits you with a +4 scimitar of flaming!
* * * LOW HITPOINT WARNING * * *
Erica burns you.
* * * LOW HITPOINT WARNING * * *
Erica casts a spell.
Erica flickers and vanishes!
Deactivating autopickup; reactivate with Ctrl-A.
You gain the combat prowess of a mighty hero.
You hear some strange, mumbled words.
Something tries to affect you, but you resist.
You closely miss something.
You hear some strange, mumbled words.
A lance of force appears from out of thin air!
The lance of force misses you.
You miss something. Something barely misses you.
You hit something. Something hits you!
* * * LOW HITPOINT WARNING * * *
Something burns you.
You die...

#.##.#....)..
#.##(#....>##
#.##.#...).##
##.##...##....
##..###..##....
####..##...####...
#....[##.#........
#.....>).<..###...
##@{...#####.###...
##..................
#.......#####.<.....
###.....# #.......
#.....# ##......
####### ##.....#
#....... #.......
##......


There were no monsters in sight!

Vanquished Creatures
  An orc knight (Bailey)
  Psyche (D:8)
  A hornet (D:8)
  Grinder (D:6)
  Sigmund (D:4)
  A steam dragon (D:8)
  An ice beast (D:7)
  11 orc warriors
  A sky beast (D:8)
  An ogre (D:5)
  4 centaurs
  A phantom (D:4)
  4 kobold brigands
  2 bullfrogs
  8 scorpions
  3 wights
  2 necrophages
  3 centaur zombies (Ossuary)
  6 hounds
  2 human zombies (Ossuary)
  An orc priest (D:3)
  2 gnoll boudas
  4 orc wizards
  2 iguanas
  2 mummies (Ossuary)
  Robin (D:2)
  16 gnolls
  14 adders
  3 river rats (Sewer)
  A shadow imp (D:5)
  2 white imps
  2 ufetubi (D:5)
  3 adder zombies (Ossuary)
  A worm (D:3)
  A dart slug (D:2)
  19 orcs
  10 ball pythons
  6 bats
  3 endoplasms
  4 giant cockroaches
  15 goblins
  8 hobgoblins
  12 jackals
  26 kobolds
  4 quokkas
  3 frilled lizards
  4 hobgoblin zombies (Ossuary)
  3 jackal zombies (Ossuary)
  8 kobold zombies (Ossuary)
  14 orc zombies (Ossuary)
  7 rats
256 creatures vanquished.

Vanquished Creatures (others)
  9 plants
9 creatures vanquished.

Grand Total: 265 creatures vanquished

Notes
Turn   | Place    | Note
-------+----------+-------------------------------------------
     0 | D:1      | Malachi the Demonspawn Gladiator began the quest for the
                  | Orb.
     0 | D:1      | Reached XP level 1. HP: 16/16 MP: 1/1
   108 | D:1      | Reached skill level 3 in Long Blades
   163 | D:1      | Gained mutation: You may rarely emit foul miasma when
                  | damaged in melee. [demonic ancestry]
   163 | D:1      | Reached XP level 2. HP: 15/22 MP: 2/2
   985 | D:1      | Found a faded altar of an unknown god.
   995 | D:1      | Prayed at the altar of an unknown god.
   995 | D:1      | Became a worshipper of Warmaster Okawaru
   995 | D:1      | Reached * piety under Okawaru
  1089 | D:2      | Reached XP level 3. HP: 26/27 MP: 3/3
  1117 | D:2      | Reached skill level 4 in Long Blades
  1140 | D:2      | Noticed Robin
  1165 | D:2      | Killed Robin
  1486 | D:2      | Gained mutation: You are partially covered in thin metallic
                  | scales. (AC +2) [demonic ancestry]
  1486 | D:2      | Reached XP level 4. HP: 33/33 MP: 4/4
  2201 | D:3      | Found a glowing drain.
  2212 | D:3      | Reached skill level 5 in Long Blades
  2212 | D:3      | Gained mutation: Your touch may inflict minor irresistible
                  | damage on your foes. [demonic ancestry]
  2212 | D:3      | Reached XP level 5. HP: 30/38 MP: 5/5
  2235 | Sewer    | Entered a sewer
  2379 | Sewer    | Reached ** piety under Okawaru
  2380 | Sewer    | Reached skill level 6 in Long Blades
  2616 | Sewer    | Gained mutation: Your touch may inflict irresistible damage
                  | on your foes. [demonic ancestry]
  2616 | Sewer    | Reached XP level 6. HP: 44/44 MP: 6/6
  3198 | D:3      | Reached skill level 7 in Long Blades
  3582 | D:4      | Noticed Sigmund
  3594 | D:4      | Killed Sigmund
  3595 | D:4      | Reached XP level 7. HP: 31/50 MP: 7/7
  3815 | D:4      | Reached skill level 8 in Long Blades
  3881 | D:4      | Reached *** piety under Okawaru
  4054 | D:4      | Found a sand-covered staircase.
  4062 | Ossuary  | Entered an ossuary
  4435 | Ossuary  | Reached skill level 9 in Long Blades
  4435 | Ossuary  | Gained mutation: You are mostly covered in thin metallic
                  | scales. (AC +3) [demonic ancestry]
  4435 | Ossuary  | Reached XP level 8. HP: 50/56 MP: 8/8
  4781 | D:5      | Entered Level 5 of the Dungeon
  4910 | D:5      | Found a staircase to the Ecumenical Temple.
  5438 | D:5      | Reached skill level 10 in Long Blades
  5717 | D:5      | Reached **** piety under Okawaru
  6035 | D:6      | Noticed Grinder
  6044 | D:6      | Killed Grinder
  6045 | D:6      | Reached skill level 11 in Long Blades
  6045 | D:6      | Reached XP level 9. HP: 55/61 MP: 9/9
  6411 | D:7      | Reached skill level 1 in Invocations
  6472 | D:7      | Found a flagged portal.
  6866 | Bailey   | Entered a bailey
  6907 | Bailey   | Reached ***** piety under Okawaru
  6931 | Bailey   | Noticed an orc knight
  7484 | Bailey   | Killed an orc knight
  7485 | Bailey   | Reached skill level 12 in Long Blades
  8191 | D:7      | Identified the +9 sling of Shame {freeze, rElec rCorr
                  | Dex+4}
  8280 | D:7      | Found an ancient bone altar of Kikubaaqudgha.
  8425 | D:7      | Found a stormy altar of Qazlal.
  8425 | D:7      | Found an ornate altar of the Wu Jian Council.
  8444 | D:7      | Found a sparkling altar of Nemelex Xobeh.
  8595 | D:7      | Found a broken altar of Ashenzari.
  8596 | D:7      | Found a snail-covered altar of Cheibriados.
  8596 | D:7      | Found a hide-covered altar of Uskayaw.
  8596 | D:7      | Found a shimmering blue altar of Sif Muna.
  8596 | D:7      | Found a basalt altar of Yredelemnul.
  8599 | D:7      | Found a shadowy altar of Dithmenos.
  8600 | D:7      | Found a radiant altar of Vehumet.
  8601 | D:7      | Found a burning altar of Makhleb.
  9174 | D:8      | Noticed Psyche
  9185 | D:8      | Killed Psyche
  9186 | D:8      | Gained mutation: You sometimes emit foul miasma when
                  | damaged in melee. [demonic ancestry]
  9186 | D:8      | Reached XP level 10. HP: 67/67 MP: 15/15
  9186 | D:8      | Received a gift from Okawaru
  9688 | D:8      | Found Oheemm's Book Shoppe.
 10157 | D:8      | Found a bloodstained altar of Trog.
 10389 | D:9      | Noticed Erica
 10763 | D:8      | HP: 1/67 [something (7)]
 10763 | D:8      | Slain by Erica

Illustrated notes

Levels and vault maps discovered:
D:1:      tarquinn_simple_flora_water_f, layout_basic,
          shapermc_ecumenical_altar_mp_urbaneastern, hex_medium
D:2:      layout_loops_ring, reono_crystal_passage, minmay_cut_off, uniq_robin,
          uniq_crazy_yiuf_cottage
D:3:      layout_rooms, cheibrodos_sewer_entry_drain, kennysheep_generic_room_4
D:4:      minmay_door_path, layout_rooms, nicolae_ossuary_entry_plus,
          amcnicky_mini_pool_small, uniq_sigmund
D:5:      layout_rooms, minmay_temple_entry_junction_2, nicolae_hexahallways,
          hangedman_glass_teeth
D:6:      layout_rooms, uniq_grinder
D:7:      layout_basic, lemuel_round_altar, minitemple, enter_bailey_8
D:8:      layout_rooms, trog_butcher_becter, serial_shops, shop,
          columned_hall_lemuel, uniq_psyche
D:9:      layout_big_octagon, david_orc_5, uniq_erica, uniq_prince_ribbit1

Skill      XL: |  1  2  3  4  5  6  7  8  9 10 |
---------------+-------------------------------+-----
Long Blades    | 3 4 5 6 7 9 11 12 | 12.8
Invocations    | 7 9 |  9.2
Fighting       | |  2.0
Throwing       | |  1.7
Dodging        | |  2.6

Action                   |  1- 3 |  4- 6 |  7- 9 | 10-12 || total
-------------------------+-------+-------+-------+-------++-------
Melee: Long sword        |   107 |       |       |       ||   107
       Dagger            |     2 |   129 |   421 |    42 ||   594
       Punch             |       |     2 |     6 |     2 ||    10
       Touch             |       |    25 |    81 |    15 ||   121
       Scimitar          |       |       |       |    35 ||    35
       Great sword       |       |       |       |     5 ||     5
Throw: Boomerang         |       |       |    12 |       ||    12
Invok: Heroism           |       |       |     3 |     1 ||     4
       Finesse           |       |       |     1 |       ||     1
Evoke: Wand              |       |       |       |     2 ||     2
  Use: Potion            |     1 |       |       |     2 ||     3
       Scroll            |       |     5 |     6 |     5 ||    16
Armor: Leather armour    |    16 |       |       |       ||    16
       Ring mail         |    31 |       |       |       ||    31
       Scale mail        |     2 |    53 |   165 |    25 ||   245
       Robe              |       |       |       |     6 ||     6
Dodge: Dodged            |    90 |    70 |   183 |    29 ||   372
